 Dungeon Crawl Stone Soup version 0.23.2-1-ga50397a (webtiles) character file.

Game seed: 3070449658578077029

15380 shadizar the Fighter (level 12, -1/79 HPs)
             Began as a Gargoyle Fighter on May 24, 2019.
             Was an Elder of the Shining One.
             Killed from afar by an ice dragon (66 damage)
             ... with a blast of cold
             ... on level 3 of the Lair of Beasts.
             The game lasted 00:21:25 (11212 turns).

shadizar the Fighter (Gargoyle Fighter)            Turns: 11212, Time: 00:21:25

Health: -1/79      AC: 36    Str: 25    XL:     12   Next: 26%
Magic:  16/16      EV:  8    Int:  9    God:    the Shining One [****..]
Gold:   648        SH: 16    Dex:  9    Spells: 11/11 levels left

rFire    . . .     SeeInvis .   q - +5 flail
rCold    . . .     Gourm    .   c - +0 shield
rNeg     + + +     Faith    .   h - +0 plate armour
rPois    ∞         Spirit   .   s - +1 helmet
rElec    +         Reflect  +   k - +1 cloak {rPois}
rCorr    .         Harm     .   D - +0 pair of gloves
MR       +....                  N - +0 pair of boots
Stlth    ..........             J - amulet of Psychosis {Reflect +Inv rElec MR+ SH+4}
HPRegen  0.23/turn              E - +3 ring of protection
MPRegen  0.15/turn              i - +3 ring of protection

@: glowing
A: negative energy resistance 1, electricity resistance, unbreathing,
petrification resistance, rot immunity, AC +8
a: Divine Shield, Cleansing Flame, Renounce Religion, Evoke Invisibility


You were on level 3 of the Lair of Beasts.
You worshipped the Shining One.
The Shining One was greatly pleased with you.
You were not hungry.

You visited 3 branches of the dungeon, and saw 13 of its levels.

You collected 648 gold pieces.

Inventory:

Hand Weapons
 q - a +5 flail (weapon)
Armour
 c - a +0 shield (worn)
 h - a +0 plate armour (worn)
 k - a +1 cloak of poison resistance (worn)
 l - a scarf of repulsion
 s - a +1 helmet (worn)
 D - a +0 pair of gloves (worn)
 N - a +0 pair of boots (worn)
Jewellery
 i - a +3 ring of protection (right hand)
 E - a +3 ring of protection (left hand)
 J - the amulet of Psychosis (around neck) {Reflect +Inv rElec MR+ SH+4}
   (You found it on level 7 of the Dungeon)

   [amulet of reflection]

   It shields you and reflects attacks.
   It insulates you from electricity.
   It affects your resistance to hostile enchantments.
   It lets you turn invisible.
   It affects your SH (+4).
 K - a +2 ring of strength {unknown}
Wands
 a - a wand of flame (18)
 n - a wand of iceblast (5)
 p - a wand of polymorph (11)
 F - a wand of acid (13)
 G - a wand of paralysis (4)
Scrolls
 b - a scroll of enchant armour
 m - a scroll of identify
 o - a scroll of fog
 x - 2 scrolls of amnesia
 y - 2 scrolls of teleportation
 z - a scroll of immolation
 A - 5 scrolls of remove curse
 H - a scroll of fear
Potions
 d - a potion of might
 e - 3 potions of agility
 g - 2 potions of magic
 j - 2 potions of resistance
 t - 3 potions of brilliance
 v - 2 potions of heal wounds
 w - a potion of mutation {unknown}
 B - a potion of invisibility
 L - 3 potions of curing
 M - a potion of flight {unknown}
Comestibles
 f - 20 rations


   Skills:
 * Level 10.9 Fighting
 + Level 8.2 Maces & Flails
 + Level 9.2 Armour
 + Level 6.5 Dodging
 + Level 9.2 Shields
 - Level 5.3 Invocations
 - Level 4.3 Evocations


You had 11 spell levels left.
You didn't know any spells.
Your spell library was empty.

Dungeon Overview and Level Annotations

Branches:
Dungeon (9/15)             Temple (1/1) D:5            Lair (3/6) D:9
 Spider (0/4) Lair:2
  Swamp: Lair:2-4    Shoals: Lair:2-4       Orc: D:9-12

Altars:
Ashenzari
Cheibriados
Dithmenos
Elyvilon
Fedhas
Gozag
Hepliaklqana
Kikubaaqudgha
Makhleb
Nemelex Xobeh
Okawaru
Qazlal
Ru
Sif Muna
Trog
Uskayaw
Vehumet
Wu Jian
Xom
Yredelemnul
Zin
The Shining One

Shops:
D:6 %%=

Annotations:
D:3 Natasha
D:7 2 transporters, diana's ghost, novice DsFi
Lair:2 1 runed translucent door, exclusion: 3 oklob plants


Innate Abilities, Weirdness & Mutations

You are resistant to torment.
Your stone body is resilient. (AC +8)
You are immune to poison.
You resist negative energy. (rN+)
You are resistant to electric shocks. (rElec)
You can survive without breathing.
You are immune to petrification.
You are immune to rotting.


Message History

Unknown command.
Unknown command.
Unknown command.
Unknown command.
Unknown command.
Unknown command.
Unknown command.
You block the ice beast's attack.
The ice beast hits you but does no damage.
The polar bear growls angrily.
A water moccasin comes into view.
The white imp gestures at you.
The puff of frost hits you but does no damage.
There is a stone staircase leading down here.
The ice beast hits you but does no damage.
The ice dragon breathes frost at you.
The blast of cold hits the ice beast.
The ice beast completely resists.
The blast of cold hits you!!!
Ouch! That really hurt!
You die...

.......#....##.....#..##P.....##.
......P#....##....##...##.....###
.......#.....#..####...###.##.###
##..##......##..#P....##..####..
##...#.#................##..####.
.................................
............5....................
............S..Y.................
.............h.Y@.........##.#..P
#...##.......D.5.........#.......
#P..##....#P#.P.###......#.......
....P.....###.##.P#.............#
..........##... .##......#.....#.
....#.S..........# ..........#
......≈≈≈.⌠P...... .........##
≈...≈.≈≈≈≈.≈.....# .##......#
≈≈.≈≈≈.≈≈≈≈......# #......#


You could see an ice dragon, a polar bear, a water moccasin, 2 ice beasts and 2
white imps.

Vanquished Creatures
  2 hydras
  Harold (D:8)
  Maurice (D:8)
  3 black mambas
  5 spiny frogs
  A rime drake (Lair:2)
  A troll (D:7)
  3 polar bears
  A jumping spider (Lair:2)
  5 hippogriffs
  2 redbacks (Lair:2)
  3 basilisks (Lair:2)
  Grum (D:9)
  13 yaks
  4 water moccasins
  5 porcupines
  A black bear (D:8)
  3 ice beasts
  2 orc warriors
  A sky beast (D:7)
  A phantom (D:7)
  4 ogres
  2 wolves (D:9)
  3 centaurs
  A necrophage (D:8)
  2 crocodiles (Lair:1)
  7 bullfrogs
  A water moccasin zombie (D:6)
  3 scorpions
  4 killer bees (D:9)
  12 wights
  3 howler monkeys
  An electric eel (Lair:1)
  2 crimson imps
  5 hounds
  3 jellies
  3 centaur skeletons
  6 orc priests
  A gnoll shaman (D:4)
  3 bullfrog skeletons
  3 iguanas
  Natasha (twice) (D:3)
  6 orc wizards
  6 worker ants
  A killer bee zombie (D:7)
  A hound zombie (D:6)
  A worker ant zombie (D:6)
  Robin (D:4)
  14 gnolls
  9 adders
  4 shadow imps (D:5)
  2 oozes
  An adder skeleton (D:4)
  2 worms (D:3)
  A dart slug (D:3)
  6 leopard geckos
  35 orcs
  6 bats
  2 bat zombies (D:2)
  8 giant cockroaches
  12 goblins
  12 hobgoblins
  9 jackals
  3 quokkas
  6 frilled lizards
  6 kobolds
  A leopard gecko zombie (D:6)
  A quokka skeleton (D:5)
  6 rats
  A rat zombie (D:2)
293 creatures vanquished.

Vanquished Creatures (others)
  3 fungi (Lair:2)
  11 plants
  7 toadstools (Lair:2)
21 creatures vanquished.

Grand Total: 314 creatures vanquished

Notes
Turn   | Place    | Note
-------+----------+-------------------------------------------
     0 | D:1      | shadizar the Gargoyle Fighter began the quest for the Orb.
     0 | D:1      | Reached XP level 1. HP: 14/14 MP: 1/1
    74 | D:1      | Reached XP level 2. HP: 19/19 MP: 2/2
   750 | D:2      | Reached XP level 3. HP: 23/23 MP: 3/3
  1182 | D:2      | Found an ancient bone altar of Kikubaaqudgha.
  1472 | D:3      | Reached skill level 1 in Dodging
  1528 | D:3      | Reached XP level 4. HP: 24/29 MP: 4/4
  1629 | D:3      | Noticed Natasha
  1647 | D:3      | Killed Natasha
  1670 | D:3      | Noticed Natasha
  1682 | D:3      | Killed Natasha
  1682 | D:3      | Reached skill level 4 in Fighting
  1682 | D:3      | Reached XP level 5. HP: 17/33 MP: 5/5
  2378 | D:3      | Found a glowing golden altar of the Shining One.
  2383 | D:3      | Became a worshipper of the Shining One
  2501 | D:3      | Found an iron altar of Okawaru.
  2501 | D:3      | Noticed Natasha
  2655 | D:4      | Found a deep blue altar of Sif Muna.
  2671 | D:4      | Noticed Robin
  2674 | D:4      | Reached XP level 6. HP: 38/38 MP: 6/6
  2685 | D:4      | Killed Robin
  2809 | D:4      | Found an opulent altar of Gozag.
  3073 | D:4      | Found a shadowy altar of Dithmenos.
  3078 | D:4      | Reached * piety under the Shining One
  3082 | D:4      | Reached XP level 7. HP: 44/44 MP: 7/7
  3193 | D:5      | Entered Level 5 of the Dungeon
  3350 | D:5      | Reached skill level 5 in Fighting
  3350 | D:5      | Reached skill level 5 in Shields
  3356 | D:5      | Reached skill level 5 in Armour
  3618 | D:5      | Reached XP level 8. HP: 37/49 MP: 8/8
  3656 | D:5      | Found a sacrificial altar of Ru.
  3965 | D:5      | Reached ** piety under the Shining One
  3978 | D:5      | Found a blossoming altar of Fedhas.
  4024 | D:5      | Found a staircase to the Ecumenical Temple.
  4032 | Temple   | Entered the Ecumenical Temple
  4334 | D:6      | Found Jiext's Food Shop.
  4343 | D:6      | Found a glowing silver altar of Zin.
  4438 | D:6      | Found Eduicug's Jewellery Emporium.
  4516 | D:6      | Found Conkig's Food Shop.
  4723 | D:6      | Reached skill level 6 in Fighting
  4723 | D:6      | Reached skill level 5 in Maces & Flails
  5040 | D:7      | Reached XP level 9. HP: 56/56 MP: 9/9
  5060 | D:7      | Noticed diana's ghost (novice DsFi)
  5179 | D:7      | Reached *** piety under the Shining One
  5446 | D:7      | Found a transporter.
  5584 | D:7      | Got a flickering emerald amulet
  5626 | D:7      | Found a shimmering altar of Xom.
  5628 | D:7      | Found a hide-covered altar of Uskayaw.
  5653 | D:7      | Noticed a troll
  5664 | D:7      | Killed a troll
  5664 | D:7      | Reached skill level 7 in Fighting
  5697 | D:7      | Found a transporter.
  5781 | D:7      | Got a bloodstained whip
  5909 | D:7      | Identified the cursed +3 whip of Xewkudar {chaos, rF+
                  | Dex+4} (You found it on level 7 of the Dungeon)
  5915 | D:7      | Identified the amulet of Psychosis {Reflect +Inv rElec MR+
                  | SH+4} (You found it on level 7 of the Dungeon)
  5958 | D:8      | Found a radiant altar of Vehumet.
  6207 | D:7      | Reached skill level 1 in Invocations
  6325 | D:8      | Noticed Maurice
  6370 | D:8      | Reached skill level 1 in Evocations
  6399 | D:8      | Noticed Harold
  6413 | D:8      | Killed Harold
  6413 | D:8      | Reached skill level 8 in Fighting
  6413 | D:8      | Reached skill level 5 in Dodging
  6413 | D:8      | Reached XP level 10. HP: 51/64 MP: 11/11
  6623 | D:8      | Reached **** piety under the Shining One
  6729 | D:8      | Killed Maurice
  7147 | D:9      | Found an ornate altar of the Wu Jian Council.
  7174 | D:9      | Noticed Grum
  7197 | D:9      | Killed Grum
  7338 | D:9      | Reached skill level 9 in Fighting
  7643 | D:9      | Reached XP level 11. HP: 45/71 MP: 13/13
  7932 | D:9      | Found a staircase to the Lair.
  7978 | Lair:1   | Entered Level 1 of the Lair of Beasts
  8834 | Lair:2   | Noticed a seven-headed hydra
  8990 | Lair:2   | Noticed an eight-headed hydra
  9039 | Lair:1   | Killed an eight-headed hydra
  9313 | Lair:2   | Noticed an oklob plant
  9313 | Lair:2   | Noticed an oklob plant
  9313 | Lair:2   | Noticed an oklob plant
  9377 | Lair:2   | Noticed a four-headed hydra
  9389 | Lair:2   | Killed a four-headed hydra
  9389 | Lair:2   | Reached skill level 10 in Fighting
  9443 | Lair:2   | Reached skill level 5 in Invocations
  9804 | Lair:2   | Reached XP level 12. HP: 39/78 MP: 15/15
 10441 | Lair:2   | Found a hole to the Spider Nest.
 10584 | Lair:2   | Noticed a dire elephant
 10607 | Lair:2   | Found a runed translucent door.
 11194 | Lair:3   | Noticed an ice dragon
 11212 | Lair:3   | Killed from afar by an ice dragon

Skill      XL: |  1  2  3  4  5  6  7  8  9 10 11 12 |
---------------+-------------------------------------+-----
Dodging        | 1 2 3 4 5 6 |  6.5
Fighting       | 4 5 6 8 9 10 | 10.9
Armour         | 4 5 6 7 8 9 |  9.2
Shields        | 4 5 6 7 8 9 |  9.2
Maces & Flails | 3 4 5 6 7 8 |  8.2
Invocations    | 2 3 5 |  5.3
Evocations     | 1 2 4 |  4.3

Action                   |  1- 3 |  4- 6 |  7- 9 | 10-12 || total
-------------------------+-------+-------+-------+-------++-------
Melee: Flail             |   137 |   226 |   383 |   477 ||  1223
Invok: Divine Shield     |       |       |       |     3 ||     3
  Use: Scroll            |       |       |    12 |     7 ||    19
       Potion            |       |       |       |     2 ||     2
  Eat: Chunk             |       |     7 |    12 |    13 ||    32
       Ration            |       |       |       |     1 ||     1
Armor: Scale mail        |    89 |   117 |   159 |    22 ||   387
       Plate armour      |       |       |       |   299 ||   299
Dodge: Dodged            |    58 |    79 |   148 |   134 ||   419
Block: Shield            |    80 |   125 |   221 |   469 ||   895
       Reflection        |       |       |     2 |     3 ||     5
